AoeStats
← THE TERMiNAT0RR

Oasis

509943358Analyzed
2v2 RM · 3d ago on Sep 28, 2026· 48m 23s· 4 players
Game mode
Random Map
Map size
Medium (4 player)
Population
200
Speed
Normal
Resources
Standard
Victory
Conquest
Starting age
Dark Age
Ending age
Imperial Age
RankedLock teamsTeams togetherTeam positionsShared explorationLock speedFull tech treeHidden civsTurbo modeCheats
Victory
Defeat
🇦🇷 Sicilians · Argentina
701
+9
🇬🇧 Vietnamese · United Kingdom
604
+12
🇨🇱 Japanese · Chile
579
-12
🇺🇸 Khitans · United States
472
-9
La Walada
2:33 Loom
9:50 Feudal Age
10:29 Town Watch
10:08 Man-at-Arms
11:49 Wheelbarrow
14:19 Domestication
Jeshu17hds
0:39 Loom
11:36 Feudal Age
12:59 Wheelbarrow
12:36 Double-Bit Axe
13:20 Man-at-Arms
19:36 Arson
27:28 Forging
27:09 Fletching
31:31 Castle Age
35:34 Elite Skirmisher
41:42 Hand Cart
43:07 Treadmill Crane
43:22 Murder Holes
elnano4cchi
3:34 Loom
11:46 Feudal Age
25:34 Castle Age
24:43 Double-Bit Axe
24:40 Horse Collar
27:04 Bow Saw
26:55 Heavy Plow
27:41 Stone Mining
27:45 Gold Mining
34:45 Wheelbarrow
39:32 Imperial Age
40:11 Hand Cart
40:00 Husbandry
40:17 Forging
42:08 Gold Shaft Mining
41:29 Cavalier
44:22 Stone Shaft Mining
45:23 Iron Casting
44:54 Scale Barding Armor
44:39 Capped Ram
45:48 Hauberk
47:35 Blast Furnace
47:48 Squires
47:11 Pikeman
48:41 Chain Barding Armor
THE TERMiNAT0RR
0:27 Loom
15:27 Feudal Age
16:06 Man-at-Arms
17:56 Wheelbarrow
20:04 Double-Bit Axe
25:05 Castle Age
27:44 Treadmill Crane
28:47 Fletching
Connection lost

Rejoining the realm…

Still unreachable

The connection could not be restored.

Session expired

The server has moved on; the page needs a fresh start.